 Dungeon Crawl Stone Soup version 0.31-a0-618-g7ca08c1ff9 (webtiles) character file.

Game seed: 730237798074200043

481 lessens the Ruffian (level 6, 0/47 HPs)
             Began as a Demonspawn Fighter on Aug 22, 2023.
             Was an Initiate of Trog.
             Slain by a gnoll sergeant
             ... wielding a +1 trident of flaming
              (2 damage)
             ... on level 5 of the Dungeon.
             The game lasted 00:04:16 (3552 turns).

lessens the Ruffian (Demonspawn Fighter)            Turns: 3552, Time: 00:04:16

Health: 0/47       AC:  7    Str: 18    XL:     6   Next: 87%
Magic:  2/2        EV:  5    Int: 10    God:    Trog [......]
Gold:   226        SH:  0    Dex: 10    Spells: 5/5 levels left

rFire   . . .        l - +6 morningstar "Wahairotz" {antimagic, +Blink rElec Dex-2}
rCold   . . .        c - +0 buckler
rNeg    . . .        b - +0 scale mail
rPois   .            n - +0 helmet
rElec   +            (no cloak)
rCorr   .            (no gloves)
SInv    .            (no boots)
Will    .....        (no amulet) Stlth
                     (no ring)
HPRegen 0.27/turn    (no ring)
MPRegen 0.08/turn

%: no passive effects
@: held
A: claws 1, demonic guardian 2, spiny 1
a: Renounce Religion, Evoke Blink


You were on level 5 of the Dungeon.
You worshipped Trog.
Trog was noncommittal.
You visited 2 branches of the dungeon, and saw 6 of its levels.

You collected 226 gold pieces.

Inventory:

Hand Weapons
 a - a +0 war axe
 l - the +6 morningstar "Wahairotz" (weapon) {antimagic, +Blink rElec Dex-2}
   (You found it on level 2 of the Dungeon)

   Dex-2:     It affects your dexterity (-2).
   rElec:     It insulates you from electricity.
   +Blink:    It lets you blink.
Missiles
 j - 64 stones
 u - 3 boomerangs
 v - a throwing net
Armour
 b - a +0 scale mail (worn)
 c - a +0 buckler (worn)
 n - a +0 helmet (worn)
Jewellery
 e - a ring of positive energy
Scrolls
 m - a scroll of immolation {unknown}
 p - a scroll of amnesia {unknown}
 q - 2 scrolls of fog {unknown}
 r - a scroll of teleportation {unknown}
 s - 3 scrolls of brand weapon
 t - a scroll of blinking {unknown}
Potions
 d - 3 potions of might
 f - a potion of enlightenment {unknown}
 g - 2 potions of invisibility
 h - 2 potions of brilliance
 i - 3 potions of cancellation
 k - a potion of lignification {unknown}
 o - 4 potions of attraction


   Skills:
 - Level 3.0 Fighting
 - Level 4.0 Axes
 - Level 2.6 Armour
 - Level 2.6 Shields
 + Level 5.3 Unarmed Combat


You had 5 spell levels left.
You didn't know any spells.
Your spell library contained the following spells:

 Spells                   Type           Power      Damage    Failure   Level
 Cigotuvi's Dreadful Rot  Necr/Pois/Air  0%         N/A       93%         2
 Wereblood                Tmut           0%         N/A       93%         2
 Dispel Undead            Necr           0%         3d6       100%        4
 Irradiate                Conj/Tmut      0%         3d11      100%        5
 Death Channel            Necr           0%         N/A       100%        6


Dungeon Overview and Level Annotations

Branches:
Dungeon (5/15) Zot: 26402  Temple (1/1) D:4 Zot: 5977

Altars:
Ashenzari
Cheibriados
Dithmenos
Fedhas
Gozag
Kikubaaqudgha
Qazlal
Trog
Vehumet
Wu Jian
Yredelemnul
Ignis

Shops:
D:5 *


Innate Abilities, Weirdness & Mutations

You have sharp fingernails.
A demonic guardian rushes to your aid.
You are partially covered in sharp spines.


Message History

The gnoll is moderately wounded.
The gnoll hits you but does no damage. The gnoll is struck by your spines.
The gnoll barely misses you.
You puncture the gnoll!
You kill the gnoll!
Trog accepts your kill.
The gnoll throws a throwing net.
The throwing net closely misses you.
The gnoll throws a throwing net.
The throwing net hits you.
You become entangled in the net!
The gnoll attacks as it pursues you! The gnoll completely misses you.
You see here a throwing net.
You struggle against the net.
The gnoll sergeant hits you from afar with a +1 trident of flaming.
The gnoll sergeant burns you.
The gnoll hits you from afar with a +1 heavy spear.
You struggle against the net.
The gnoll sergeant completely misses you.
You rip the net and break free!
The gnoll sergeant hits you from afar with a +1 trident of flaming!
The gnoll sergeant burns you.
The gnoll hits you from afar with a +1 heavy spear.
The gnoll sergeant attacks as it pursues you!
The gnoll sergeant barely misses you. The gnoll attacks as it pursues you!
You block the gnoll's attack.
Things that are here:
a +0 whip; a scorpion corpse The gnoll throws a throwing net.
The throwing net hits you.
You become entangled in the net!
You see here a throwing net.
You tear a large gash into the net.
The gnoll sergeant hits you from afar with a +1 trident of flaming!
* * * LOW HITPOINT WARNING * * *
The gnoll sergeant burns you.
* * * LOW HITPOINT WARNING * * *
A demonic guardian appears!
You struggle against the net.
The gnoll sergeant hits you from afar with a +1 trident of flaming!
* * * LOW HITPOINT WARNING * * *
The gnoll sergeant burns you.
You die...

..... .# ....#####....###...
###..##...##.........
#....##.∩.##........≈
###.##.##...##.#....≈≈≈ ..#.
#.#..#..#...#......≈≈.. ....
##....#.............≈... #...
#.....#<.)..)g..........
....###....##...@)gg..(......
.....##.......4#####(#.......
.................#.#(....≈..#
.........................≈.##
..#..................##.≈.# .
#<..........###.......≈..#
#...........## ##...#..≈...
#.)....###### ##.###.≈...
#...#.## ### .≈.


You could see a gnoll sergeant (ally target), 2 gnolls and a friendly rust devil
(summoned).

Vanquished Creatures
  An ogre (D:4)
  2 scorpions
  A sleepcap (D:5)
  Terence (D:2)
  Robin (D:2)
  8 gnolls
  3 adders
  A worm (D:3)
  3 orcs
  9 ball pythons
  7 bats
  11 endoplasms
  A giant cockroach (D:1)
  11 goblins
  11 hobgoblins
  14 jackals
  2 quokkas
  A frilled lizard (D:3)
  6 kobolds
  8 rats
102 creatures vanquished.

Notes
Turn   | Place    | Note
-------+----------+-------------------------------------------
     0 | D:1      | lessens the Demonspawn Fighter began the quest for the Orb.
     0 | D:1      | Reached XP level 1. HP: 18/18 MP: 1/1
   219 | D:1      | Gained mutation: You are partially covered in sharp spines.
                  | [demonic ancestry]
   219 | D:1      | Reached XP level 2. HP: 23/24 MP: 2/2
   694 | D:2      | Gained mutation: A weak demonic guardian rushes to your
                  | aid. [demonic ancestry]
   694 | D:2      | Reached XP level 3. HP: 29/29 MP: 3/3
   769 | D:2      | Identified the +6 morningstar "Wahairotz" {antimagic,
                  | +Blink rElec Dex-2}
   879 | D:2      | Found a faded altar of an unknown god.
   975 | D:2      | Discovered your monstrous ancestry.
   975 | D:2      | Gained mutation: You have sharp fingernails. [demonic
                  | ancestry]
   975 | D:2      | Reached XP level 4. HP: 33/35 MP: 1/4
  1004 | D:2      | Noticed Robin
  1075 | D:2      | Killed Robin
  1076 | D:2      | Reached skill level 1 in Unarmed Combat
  1373 | D:2      | Noticed Terence
  1377 | D:2      | Killed Terence
  1378 | D:2      | Reached skill level 2 in Unarmed Combat
  1677 | D:3      | Reached XP level 5. HP: 41/41 MP: 1/5
  2360 | D:4      | Found a staircase to the Ecumenical Temple.
  2427 | Temple   | Entered the Ecumenical Temple
  2438 | Temple   | Became a worshipper of Trog the Wrathful
  2475 | D:4      | Reached skill level 3 in Unarmed Combat
  2672 | D:4      | Noticed an ogre
  2675 | D:4      | Killed an ogre
  2676 | D:4      | Reached skill level 4 in Unarmed Combat
  2676 | D:4      | Gained mutation: A demonic guardian rushes to your aid.
                  | [demonic ancestry]
  2676 | D:4      | Reached XP level 6. HP: 47/47 MP: 2/6
  3361 | D:5      | Entered Level 5 of the Dungeon
  3374 | D:5      | Found Netovof's Assorted Antiques.
  3389 | D:5      | Reached skill level 5 in Unarmed Combat
  3552 | D:5      | HP: 2/47 [gnoll sergeant/+1 trident of flaming (8)]
  3552 | D:5      | Slain by a gnoll sergeant

Illustrated notes

Levels and vault maps discovered:
D:1:      lightli_arrival_noodles, layout_loops_ring, minmay_misc_feat_diagonals
D:2:      layout_loops_ring, hellmonk_ecumenical_altar_dog_temple, hex_tiny,
          kennysheep_donut, uniq_terence, uniq_robin
D:3:      layout_loops_ring
D:4:      layout_basic, tso_metal_star, amcnicky_altar_gilded,
          minmay_temple_entry_gardened_gates
D:5:      layout_cave_pools, mainiacjoe_overflow_24_doors, kennysheep_mini,
          serial_gnoll_camp, gnoll_camp_mini_loothouse, gnoll_camp_mini_shop,
          gnoll_camp_mini_shop, gnoll_camp_mini_hut, gnoll_camp_huts_moat,
          nicolae_goblin_pals, uniq_eustachio
Temple:   ebering_untended_altars

Skill      XL: |  1  2  3  4  5  6 |
---------------+-------------------+-----
Axes           | 2 3 4 |  4.0
Unarmed Combat | 2 4 5 |  5.3
Fighting       | |  3.0
Armour         | |  2.6
Shields        | |  2.6

Action                     |  1- 3 |  4- 6 || total
---------------------------+-------+-------++-------
  Melee: War axe           |    47 |       ||    47
         Morningstar       |    26 |    90 ||   116
    Use: Scroll            |       |     5 ||     5
 Armour: Scale mail        |    31 |    38 ||    69
  Dodge: Dodged            |    33 |    47 ||    80
  Block: Buckler           |    23 |    26 ||    49

Table legend: (Time is in decaauts)
 A = Elapsed time spent in this place.
 B = Non-inter-level travel time spent in this place.
 C = Inter-level travel time spent in this place.
 D = Time resting spent in this place.
 E = Time spent auto-exploring this place.
 F = Levels seen in this place.
 G = Mean time per level.
                   A        B        C        D        E       F      G
               +--------+--------+--------+--------+--------+-----+--------+
         Total |   3619 |   3551 |     68 |    104 |   2839 |   6 |  603.2 |
       Dungeon |   3596 |   3539 |     57 |    104 |   2839 |   5 |  719.2 |
        Temple |     22 |     11 |     11 |      0 |      0 |   1 |   22.0 |
               +--------+--------+--------+--------+--------+-----+--------+

Top non-repeatable levels by time:
     D:4: 1153 daAuts
     D:2: 964 daAuts
     D:3: 711 daAuts
     D:1: 674 daAuts
     D:5: 92 daAuts
  Temple: 22 daAuts

Levels and vault maps discovered:
D:1:      lightli_arrival_noodles, layout_loops_ring, minmay_misc_feat_diagonals
D:2:      layout_loops_ring, hellmonk_ecumenical_altar_dog_temple, hex_tiny,
          kennysheep_donut, uniq_terence, uniq_robin
D:3:      layout_loops_ring
D:4:      layout_basic, tso_metal_star, amcnicky_altar_gilded,
          minmay_temple_entry_gardened_gates
D:5:      layout_cave_pools, mainiacjoe_overflow_24_doors, kennysheep_mini,
          serial_gnoll_camp, gnoll_camp_mini_loothouse, gnoll_camp_mini_shop,
          gnoll_camp_mini_shop, gnoll_camp_mini_hut, gnoll_camp_huts_moat,
          nicolae_goblin_pals, uniq_eustachio
Temple:   ebering_untended_altars
